 Dungeon Crawl Stone Soup version 0.23.1-37-gaa34b87 (webtiles) character file.

Game seed: 13358562330526255845

410 Kairos the Ruffian (level 6, -9/52 HPs)
             Began as a Ghoul Fighter on Mar 27, 2019.
             Killed by divine providence
             ... invoked by an orc priest
              (12 damage)
             ... on level 4 of the Dungeon.
             The game lasted 00:05:50 (3310 turns).

Kairos the Ruffian (Ghoul Fighter)                  Turns: 3310, Time: 00:05:51

Health: -9/52      AC: 11    Str: 21    XL:     6   Next: 89%
Magic:  5/5        EV:  6    Int:  9    God:
Gold:   130        SH:  9    Dex:  8    Spells: 5/5 levels left

rFire    . . .     SeeInvis .     - Unarmed
rCold    + . .     Gourm    .   b - +0 shield
rNeg     + + +     Faith    .   f - +2 chain mail
rPois    ∞         Spirit   .   (no helmet)
rElec    .         Reflect  .   (no cloak)
rCorr    .         Harm     .   (no gloves)
MR       .....                  (no boots)
Stlth    ..........             (no amulet)
HPRegen  0.00/turn              (no ring)
MPRegen  0.09/turn              (no ring)

@: brilliant, about to teleport, rotting
A: rotting body, claws 1, carnivore, cold resistance 1, negative energy
resistance 3, inhibited regeneration, torment resistance, unbreathing
a: no special abilities


You were on level 4 of the Dungeon.
You were not hungry.

You visited 1 branch of the dungeon, and saw 4 of its levels.

You collected 130 gold pieces.

Inventory:

Missiles
 h - 14 tomahawks (quivered)
Armour
 a - a +0 scale mail
 b - a +0 shield (worn)
 f - a +2 chain mail (worn)
Scrolls
 e - 2 scrolls of fear {unknown}
 g - 5 scrolls of remove curse
 i - a scroll of immolation {unknown}
 j - 2 scrolls of enchant weapon {unknown}
 k - a scroll of magic mapping {unknown}
 l - 4 scrolls of teleportation
 n - 7 scrolls of identify
Potions
 c - 2 potions of might
Comestibles
 d - 10 rations


   Skills:
 + Level 3.8 Fighting
 + Level 4.0 Armour
 + Level 1.1 Dodging
 + Level 1.0 Stealth
 + Level 3.9 Shields
 + Level 5.2 Unarmed Combat


You had 5 spell levels left.
You didn't know any spells.
Your spell library was empty.

Dungeon Overview and Level Annotations

Branches:
Dungeon (4/15)
 Temple: D:4-7

Altars:
Nemelex Xobeh
Sif Muna
Wu Jian
Zin

Shops:
D:2 *


Innate Abilities, Weirdness & Mutations

Your body is rotting away.
You thrive on raw meat.
You are immune to poison.
You have sharp fingernails.
You are carnivorous and can eat meat at any time.
Your flesh is cold resistant. (rC+)
You are immune to negative energy. (rN+++)
You do not regenerate when monsters are visible.
You are immune to unholy pain and torment.
You can survive without breathing.


Message History

The orc warrior hits you with a +0 dire flail!
* * * LOW HITPOINT WARNING * * *
It was a potion of magic.
Magic courses through your body. Something hits you but does no damage.
The orc warrior barely misses you.
It was a potion of brilliance.
You feel clever all of a sudden.
You feel less confused.
The orc priest hits you but does no damage.
You block something's attack.
It was a potion of curing.
You feel better.
The orc warrior hits you with a +0 dire flail.
The orc priest mumbles some strange prayers to Beogh against you.
Beogh smites you!
* * * LOW HITPOINT WARNING * * *
You block something's attack.
The orc priest hits you but does no damage.
As you read the scroll of teleportation, it crumbles to dust.
You feel strangely unstable.
The orc priest invokes the aid of Beogh against you.
Beogh smites you!
You die...

# # # # # ## ##### .#
####...# .# #..@...# .#
.......##...#
.######....... ##o##
....>........ #o#
#........... #####.##
..........(..#......##
.#...................##
.#............>.......#
##....................#


You could see an orc warrior and an orc priest.

Vanquished Creatures
  A howler monkey (D:4)
  An orc priest (D:3)
  A gnoll shaman (D:4)
  A hound (D:3)
  An orc wizard (D:4)
  Terence (D:3)
  2 worker ants (D:4)
  3 gnolls
  6 adders
  2 worms
  5 dart slugs
  4 leopard geckos
  9 orcs
  6 giant cockroaches
  3 goblins
  11 hobgoblins
  4 kobolds
  A quokka (D:2)
  2 ball pythons (D:1)
  8 bats
  3 frilled lizards
  8 rats
83 creatures vanquished.

Notes
Turn   | Place    | Note
-------+----------+-------------------------------------------
     0 | D:1      | Kairos the Ghoul Fighter began the quest for the Orb.
     0 | D:1      | Reached XP level 1. HP: 19/19 MP: 0/0
    42 | D:1      | Reached XP level 2. HP: 22/26 MP: 1/1
   263 | D:1      | You fall through a shaft!
   275 | D:2      | Reached XP level 3. HP: 30/30 MP: 2/2
   896 | D:2      | Reached skill level 3 in Unarmed Combat
   896 | D:2      | Reached XP level 4. HP: 24/38 MP: 3/3
   968 | D:2      | Found Zin's Purification Station.
   971 | D:2      | Found a glowing silver altar of Zin.
  1216 | D:3      | Found a sparkling altar of Nemelex Xobeh.
  1313 | D:3      | Reached XP level 5. HP: 15/46 MP: 4/4
  1554 | D:3      | Noticed Terence
  1590 | D:3      | Killed Terence
  1590 | D:3      | Reached skill level 4 in Unarmed Combat
  1950 | D:3      | Found a deep blue altar of Sif Muna.
  2137 | D:3      | Found an ornate altar of the Wu Jian Council.
  2402 | D:4      | Reached XP level 6. HP: 46/52 MP: 5/5
  2406 | D:4      | Reached skill level 1 in Dodging
  2413 | D:4      | Reached skill level 1 in Stealth
  2520 | D:4      | Noticed a phantom
  2535 | D:4      | Noticed an orc warrior
  2735 | D:4      | Reached skill level 5 in Unarmed Combat
  3310 | D:4      | Killed from afar by an orc priest

Skill      XL: |  1  2  3  4  5  6 |
---------------+-------------------+-----
Armour         | 3 4 |  4.0
Shields        | 3 |  3.9
Unarmed Combat | 3 4 5 |  5.2
Dodging        | 1 |  1.1
Stealth        | 1 |  1.0
Fighting       | |  3.8

Action                   |  1- 3 |  4- 6 || total
-------------------------+-------+-------++-------
Melee: Unarmed           |   142 |   250 ||   392
  Use: Scroll            |     3 |     3 ||     6
       Potion            |       |     3 ||     3
  Eat: Chunk             |     1 |     8 ||     9
Armor: Scale mail        |    51 |       ||    51
       Chain mail        |    30 |   109 ||   139
Dodge: Dodged            |    42 |    56 ||    98
Block: Shield            |    78 |   118 ||   196
